[Event "*** SCC Grand Prix: Titled Tuesday Blitz"]
[Site "Chess.com"]
[Date "2020.09.08"]
[Round "10"]
[White "PowerThinking2650"]
[Black "mmaks007"]
[Result "0-1"]
[WhiteElo "2383"]
[BlackElo "2273"]
[TimeControl "180+1"]
[EndTime "11:55:51 PDT"]
[Termination "mmaks007 won by checkmate"]

1. e4 g6 2. d4 Bg7 3. c4 d6 4.
Nc3 e5 5. Nge2 exd4 6. Nxd4 Nf6 7. f3 O-O 8. Be3 Re8 9. Be2 c6 10. Qd2 d5 11. cxd5 cxd5 12. exd5 Nxd5 13. Nxd5 Qxd5 14.
Bf2 Nc6 15. Nxc6 bxc6 16. Qxd5 cxd5 17. Kf1 Bxb2 18. Rb1 Bc3 19. g4 d4 20. Bd3 Be6 21. a4 Rab8 22. Kg2 a5 23. Bb5 Red8 24. Rhd1 d3 25.
Rxd3 Rxd3 26. Bxd3 Rxb1 27. Bxb1 Bb3 28. f4 Bxa4 29.
f5 Bb3 30. fxg6 hxg6 31. h4 a4 32. Bc5 Bb2 33. h5 gxh5 34. gxh5 a3 35. h6 a2 36. h7+ Kh8 37. Bxa2 Bxa2 38. Kf3 Kxh7 39. Kf4 Kg6 40. Bb4 f5 41. Bc5 Bc1+ 42. Kf3 Bd5+ 43. Kf2 Kg5 44. Bd4 Kg4 45. Bc5 f4 46. Bb6 f3 47.
Bc5 Bf4 48. Bb6 Bg3+ 49. Kg1 Kf5 50. Ba7 Ke4 51. Bb6 Bf4 52. Kf2 Bg5 53. Kf1 Be3 54.
Ba5 Bc4+ 55. Ke1 f2+ 56. Kd1 f1=Q+ 57. Kc2 Qc1# 0-1

[Event "*** SCC Grand Prix: Titled Tuesday Blitz"]
[Site "Chess.com"]
[Date "2020.09.08"]
[Round "10"]
[White "queen_iryna"]
[Black "IANOV0007"]
[Result "0-1"]
[WhiteElo "2284"]
[BlackElo "2413"]
[TimeControl "180+1"]
[EndTime "11:55:52 PDT"]
[Termination "IANOV0007 won by resignation"]

1. d4 d6 2. e4 Nf6 3. Nc3 c6 4. Nf3 Qa5 5. Bd2 Bg4 6. Nd5 Qd8 7. Nxf6+ gxf6 8. h3 Bh5 9. Bd3 e5 10. c3 Nd7 11. g4 Bg6 12. Qc2 h5 13. O-O-O Qa5 14. Kb1 O-O-O 15. Nh4 Bh6 16. Be1 Bf4 17. Nf5 hxg4 18.
Nxd6+ Kb8 19. Nc4 Qc7 20. h4 Nb6 21. dxe5 fxe5 22. Nxb6 Qxb6 23. Bc4 Rxd1+ 24. Qxd1 Bxe4+ 25. Ka1 Bxh1 26. Qd6+ Qc7 27. Qf6 Rd8 28. Be2 Bf3 29.
Bxf3 gxf3 30. a4 Rd1+ 31. Ka2 Rxe1 32. h5 Qd7 33. c4 Qe6 34. Qd8+ Qc8 35. Qd6+ Ka8 36.
h6 Rh1 37. Qf6 Rxh6 0-1

[Event "*** SCC Grand Prix: Titled Tuesday Blitz"]
[Site "Chess.com"]
[Date "2020.09.08"]
[Round "10"]
[White "Taron_Shagbazyan"]
[Black "maximnovik"]
[Result "1-0"]
[WhiteElo "2672"]
[BlackElo "2499"]
[TimeControl "180+1"]
[EndTime "11:55:53 PDT"]
[Termination "Taron_Shagbazyan won on time"]

1. d4 Nf6 2. c4 g6 3. g3 Bg7 4. Bg2 O-O 5. Nc3 d6 6. e3 Nbd7 7. Nge2 e5 8. O-O Re8 9. b3 c6 10. Bb2 Qe7 11. d5 c5 12. e4 Rf8 13. a3 Ne8 14. b4 b6 15. Qd3 f5 16. Rae1 f4 17. Nb1 g5 18. Nd2 h5 19. gxf4 exf4 20. Bxg7 Qxg7 21.
f3 Ne5 22. Qc3 Bd7 23. Rb1 Kh7 24. Kh1 Nf6 25. bxc5 bxc5 26. Rb7 Rf7 27. Nc1 Rg8 28. Nd3 Bc8 29. Rxf7 Nxf7 30. e5 dxe5 31. Nxe5 Nd7 32.
Qd3+ Kh6 33. Nc6 Nde5 34. Nxe5 Nxe5 35. Qe2 Bf5 36. Ne4 Bxe4 37. Qxe4 Qf6 38. Re1 Ng6 39. Qe6 Qd4 40. Qxg8 Qd2 41. Qe6 g4 42. Qe2 Qc3 43.
d6 1-0

[Event "*** SCC Grand Prix: Titled Tuesday Blitz"]
[Site "Chess.com"]
[Date "2020.09.08"]
[Round "10"]
[White "olksuna"]
[Black "fireheart92"]
[Result "0-1"]
[WhiteElo "2668"]
[BlackElo "2850"]
[TimeControl "180+1"]
[EndTime "11:55:54 PDT"]
[Termination "fireheart92 won by resignation"]

1. Nf3 c5 2. e4 Nc6 3. d4 cxd4 4. Nxd4 Nf6 5. Nc3 e5 6. Nf5 d5 7. exd5 Bxf5 8. dxc6 Qxd1+ 9. Nxd1 bxc6 10. Ne3 Be6 11. Bc4 Nd5 12. Bb3 Bc5 13. O-O O-O-O 14. Re1 f6 15.
Bd2 Nf4 16. Bc3 Rhe8 17. g3 Nd5 18. Kg2 Nxc3 19. bxc3 Rd2 20. h4 h5 21. Rab1 Kc7 22. Rb2 Bg4 23. Bf7 Rf8 24. Bc4 f5 25. Kg1 f4 26. gxf4 Rxf4 27. Nxg4 Rxg4+ 28. Kh1 Rxh4+ 29. Kg2 Rxf2+ 30. Kg3 Rg4+ 31. Kh3 Rxc4 0-1

[Event "*** SCC Grand Prix: Titled Tuesday Blitz"]
[Site "Chess.com"]
[Date "2020.09.08"]
[Round "10"]
[White "anon569"]
[Black "jucAxx"]
[Result "0-1"]
[WhiteElo "2239"]
[BlackElo "2092"]
[TimeControl "180+1"]
[EndTime "11:55:54 PDT"]
[Termination "jucAxx won by resignation"]

1. e4 e6 2. Nf3 d5 3. Nc3 dxe4 4. Nxe4 Nd7 5. d4 Ngf6 6. Ng3 c5 7. c3 cxd4 8. Nxd4 Bc5 9. Be2 O-O 10. O-O h6 11. h3 Ne5 12. Nb3 Bb6 13. Bf4 Ng6 14. Bd6 Re8 15. Bf3 Bc7 16. Bxc7 Qxc7 17. Qc2 Bd7 18. Ne4 Nd5 19. Rad1 Rad8 20. Nec5 b6 21. Na6 Qe5 22. Rfe1 Qg5 23. Bxd5 exd5 24. Nc7 Bxh3 25.
f3 Rxe1+ 26. Rxe1 Bf5 27. Qf2 Nf4 28. Kf1 Nd3 29. Qe2 Nxe1 30. Kxe1 Qg3+ 0-1

[Event "*** SCC Grand Prix: Titled Tuesday Blitz"]
[Site "Chess.com"]
[Date "2020.09.08"]
[Round "10"]
[White "Reader777"]
[Black "Olga_Girya"]
[Result "1-0"]
[WhiteElo "2676"]
[BlackElo "2499"]
[TimeControl "180+1"]
[EndTime "11:55:56 PDT"]
[Termination "Reader777 won by resignation"]

1. d4 d5 2. c4 e6 3. Nc3 Nf6 4. cxd5 exd5 5. Bg5 Bb4 6. e3 h6 7. Bh4 g5 8. Bg3 Ne4 9. Rc1 h5 10. Qa4+ Nc6 11. Bb5 Bd7 12. Bxc6 Bxc3+ 13. Rxc3 Bxc6 14. Rxc6 Qd7 15. Ra6 bxa6 16. Qxa6 h4 17. Be5 f6 18.
f3 fxe5 19. fxe4 exd4 20. exd4 dxe4 21. Ne2 Rf8 22. Qg6+ Qf7 23. Qxe4+ Qe7 24. Qxa8+ Kd7 25. Qd5+ Kc8 26. Rf1 Qb4+ 27. Nc3 Re8+ 28. Kd1 Qxb2 29.
Qa8+ Kd7 30. Rf7+ Re7 31. Qd5+ Kc8 32. Rxe7 Qa1+ 33. Kc2 1-0

[Event "*** SCC Grand Prix: Titled Tuesday Blitz"]
[Site "Chess.com"]
[Date "2020.09.08"]
[Round "10"]
[White "Jenia84"]
[Black "Bayernbk"]
[Result "1-0"]
[WhiteElo "2350"]
[BlackElo "2508"]
[TimeControl "180+1"]
[EndTime "11:55:56 PDT"]
[Termination "Jenia84 won by resignation"]

1. Nf3 Nf6 2. b3 e6 3. Bb2 d5 4. e3 Be7 5. Be2 O-O 6. O-O c5 7. c4 Nc6 8. Ne5 Nxe5 9. Bxe5 Nd7 10. Bb2 b6 11. cxd5 exd5 12. d4 cxd4 13. Bxd4 Nc5 14.
Nc3 Bb7 15. Qd2 Rc8 16. Rfd1 Ne4 17. Nxe4 dxe4 18. Rac1 Qd7 19. h3 h6 20. Rxc8 Rxc8 21.
Qb2 Qc6 22. Bxg7 Qc2 23. Rd7 Qxb2 24. Bxb2 Bb4 25. Bc4 Bc6 26. Rxf7 Re8 27. Rxa7+ 1-0

[Event "*** SCC Grand Prix: Titled Tuesday Blitz"]
[Site "Chess.com"]
[Date "2020.09.08"]
[Round "10"]
[White "Colombiano07"]
[Black "sergeikim"]
[Result "0-1"]
[WhiteElo "2327"]
[BlackElo "2479"]
[TimeControl "180+1"]
[EndTime "11:55:56 PDT"]
[Termination "sergeikim won by resignation"]

1. d4 Nf6 2. Bf4 g6 3. e3 Bg7 4. Nf3 d6 5. Be2 O-O 6. O-O Nbd7 7. c3 b6 8. a4 a6 9. h3 h6 10. Nbd2 Bb7 11. Qb3 Rb8 12. Rfe1 e6 13. Bf1 Qe7 14. e4 e5 15. dxe5 dxe5 16. Bh2 Nh5 17. Nc4 Nc5 18. Qc2 Nf4 19. b4 Nd7 20. Rad1 Rbd8 21. a5 b5 22. Ne3 c5 23. Bxf4 exf4 24. Nd5 Qd6 25. Nb6 Qe7 26. Nxd7 Rxd7 27. Rxd7 Qxd7 28.
Rd1 Qc7 29. Qd3 Re8 30. Re1 Rd8 31. Qb1 Bxc3 32. Rc1 cxb4 33. Qxb4 Bxb4 34. Rxc7 Bxe4 35. Ne5 Bd6 36. Rxf7 Bxe5 37. Re7 Rd5 0-1

[Event "*** SCC Grand Prix: Titled Tuesday Blitz"]
[Site "Chess.com"]
[Date "2020.09.08"]
[Round "10"]
[White "chessdjw"]
[Black "Andrii_Prydun"]
[Result "1-0"]
[WhiteElo "2567"]
[BlackElo "2404"]
[TimeControl "180+1"]
[EndTime "11:56:01 PDT"]
[Termination "chessdjw won by resignation"]

1. e4 d5 2. exd5 Qxd5 3. Nc3 Qd6 4. d4 Nf6 5. Nf3 c6 6. g3 Bf5 7. Bg2 Nbd7 8. O-O h6 9. Re1 e6 10. Bf4 Qb4 11. Rb1 Be7 12. a3 Qa5 13. Nd2 O-O 14.
Nc4 Qd8 15. b4 Nb6 16. Na5 Qd7 17. h3 Nfd5 18. Bd2 Bf6 19. Ne2 Nc7 20. Nxb7 Nb5 21. Nc5 Qc8 22. Bc1 Rd8 23. Rb3 Nxd4 24. Nxd4 Rxd4 25.
Qe2 Rc4 26. Ne4 Be7 27. Bb2 Qa6 28. Nd2 Rd8 29. Bf1 Bxc2 30. Rc3 Rxc3 31. Qxa6 Rxd2 32. Bxc3 1-0

[Event "*** SCC Grand Prix: Titled Tuesday Blitz"]
[Site "Chess.com"]
[Date "2020.09.08"]
[Round "10"]
[White "HouseOfDurin"]
[Black "Matols"]
[Result "1-0"]
[WhiteElo "2142"]
[BlackElo "2246"]
[TimeControl "180+1"]
[EndTime "11:56:05 PDT"]
[Termination "HouseOfDurin won by resignation"]

1. d4 Nf6 2. Bg5 d5 3. Bxf6 exf6 4. e3 Bd6 5. c4 c6 6. cxd5 cxd5 7. Nc3 Be6 8. g3 O-O 9. Bg2 Nc6 10. Nge2 Re8 11. O-O Qa5 12. a3 Ne7 13. b4 Qc7 14. Qb3 a6 15. Rac1 Qd7 16. Nxd5 Rad8 17. Nxe7+ Bxe7 18. Qc2 Bh3 19. Qc7 Bxg2 20. Qxd7 Rxd7 21. Kxg2 g5 22. Rc2 Kg7 23. Rfc1 h5 24. Rc7 Red8 25. Rxd7 Rxd7 26. Rc8 Kg6 27. Nc3 f5 28. Kf3 Kf6 29. Na4 f4 30. gxf4 gxf4 31. Nc5 Rd5 32. Kxf4 Bd6+ 33. Ke4 Rg5 34.
f4 Rg2 35. Nxb7 Be7 36. Rc6+ Kg7 37. d5 Rxh2 38. d6 Bf6 39. d7 Rd2 40. Rxf6 Kxf6 41.
d8=Q+ Rxd8 42. Nxd8 h4 43. Kf3 1-0

[Event "*** SCC Grand Prix: Titled Tuesday Blitz"]
[Site "Chess.com"]
[Date "2020.09.08"]
[Round "10"]
[White "GMKrikor"]
[Black "zajka-molotok"]
[Result "1-0"]
[WhiteElo "2695"]
[BlackElo "2412"]
[TimeControl "180+1"]
[EndTime "11:56:07 PDT"]
[Termination "GMKrikor won by resignation"]

1. e4 e6 2. d4 d5 3. Nc3 Bb4 4. e5 Ne7 5. a3 Bxc3+ 6. bxc3 c5 7. Qg4 Kf8 8. Bd3 Qa5 9. Bd2 Qa4 10. Nf3 c4 11.
Be2 Qxc2 12. O-O Nbc6 13. Rfc1 Qf5 14. Qg3 Qg6 15. Qh3 Na5 16. Nh4 Qe4 17. Bf1 Nb3 18.
f3 Qxh4 19. Qxh4 Nxd2 20. Rd1 Nb3 21. Ra2 Bd7 22. Rb1 Rc8 23. Be2 Ba4 24. Rf1 a5 25. Bd1 b5 26. Raf2 h6 27. Bc2 Ke8 28. f4 Nf5 29. Qh3 g6 30. g4 Ne7 31. f5 gxf5 32. gxf5 Kd7 33. fxe6+ fxe6 34. Rf7 Rcg8+ 35. Kh1 Nd2 36. R1f6 Bxc2 37. Qxe6+ 1-0

[Event "*** SCC Grand Prix: Titled Tuesday Blitz"]
[Site "Chess.com"]
[Date "2020.09.08"]
[Round "10"]
[White "CaspiIsrael"]
[Black "dopolian"]
[Result "0-1"]
[WhiteElo "2625"]
[BlackElo "2501"]
[TimeControl "180+1"]
[EndTime "11:56:07 PDT"]
[Termination "dopolian won by checkmate"]

1. e4 e5 2. Nf3 Nc6 3. Bb5 a6 4.
Ba4 Nf6 5. O-O Nxe4 6. d4 b5 7. Bb3 d5 8. dxe5 Be6 9. c3 Bc5 10. Qe2 O-O 11. Nbd2 Bf5 12. Nxe4 dxe4 13. Ng5 Nxe5 14. Nxe4 Qd3 15. Qxd3 Nxd3 16. Nxc5 Nxc5 17. Be3 Nd3 18. Bc2 Bg6 19. b3 Rfd8 20. Rfd1 Ne5 21. Bxg6 Nxg6 22. Kf1 f6 23. Ke2 Kf7 24. a4 Rxd1 25.
Kxd1 Rd8+ 26. Kc2 Rd7 27. h3 Nh4 28. g3 Nf5 29. Bc5 Rd5 30. b4 Rd7 31. axb5 axb5 32. Ra7 Ke6 33. Rb7 c6 34. Rb6 Kd5 35. Rb8 Nd6 36. Rh8 h6 37. Rg8 Nf5 38. Rc8 Ne7 39. Re8 Ng6 40. f4 h5 41. f5 Ne5 42. Rh8 Nf3 43. Rxh5 Kc4 44. Be3 Re7 45. Bf4 Re2+ 46. Kd1 Rh2 47. Rh7 Kd3 48. Kc1 Kxc3 49. Kb1 Kb3 50.
Bc1 Rh1 51. Rxg7 Nd2+ 52. Ka1 Rxc1# 0-1

[Event "*** SCC Grand Prix: Titled Tuesday Blitz"]
[Site "Chess.com"]
[Date "2020.09.08"]
[Round "10"]
[White "Zemerovv"]
[Black "Ariadna_Atreides"]
[Result "1-0"]
[WhiteElo "2320"]
[BlackElo "2061"]
[TimeControl "180+1"]
[EndTime "11:56:09 PDT"]
[Termination "Zemerovv won on time"]

1. Nf3 d5 2. c4 c6 3. e3 Nf6 4.
b3 Bg4 5. Bb2 Nbd7 6. Be2 e6 7.
O-O Bd6 8. d4 O-O 9. Ne5 Bxe2 10. Qxe2 Qc7 11. f4 Ne4 12. c5 Bxe5 13. fxe5 f5 14.
Nd2 b5 15. Rf3 Rf7 16. Raf1 Raf8 17. a3 a6 18. Rh3 Qd8 19. Nxe4 fxe4 20. Rxf7 Rxf7 21.
Bc3 Nf8 22. Qh5 Qe7 23. Be1 Rf5 24. Qe2 Qf7 25. Rg3 Ng6 26. Rg4 Kh8 27. h3 Kg8 28. a4 h5 29. Rg3 Kh7 30. Ba5 Kh6 31. Bd8 h4 32. Rg4 Qf8 33. Bxh4 Qf7 34. Bg3 Rh5 35.
Kh2 Rf5 36. Qe1 Rf1 37. Qa5 Rb1 38. Qb6 Qf1 39. Bf4+ Nxf4 40. Rh4+ 1-0

[Event "*** SCC Grand Prix: Titled Tuesday Blitz"]
[Site "Chess.com"]
[Date "2020.09.08"]
[Round "10"]
[White "jeetjain"]
[Black "Goryachkina"]
[Result "0-1"]
[WhiteElo "2442"]
[BlackElo "2603"]
[TimeControl "180+1"]
[EndTime "11:56:10 PDT"]
[Termination "Goryachkina won by resignation"]

1. e4 e6 2. d4 d5 3. Nc3 Bb4 4.
exd5 exd5 5. Bd3 Nf6 6. Ne2 O-O 7. O-O c6 8. Bg5 h6 9. Bh4 Nbd7 10. Bg3 Re8 11. a3 Ba5 12. Nf4 Nf8 13. Nh5 Nxh5 14. Qxh5 Qg5 15. Qxg5 hxg5 16. b4 Bb6 17. Ne2 Bg4 18. f3 Bf5 19. Bxf5 Rxe2 20. Bf2 Rxf2 21. Kxf2 Bxd4+ 22. Ke2 Bxa1 23. Rxa1 a5 24. Rb1 g6 25.
Bd3 axb4 26. axb4 Ne6 27. Kd2 Kg7 28. h3 Kf6 29. Kc3 Ke5 30. Re1+ Kd6 31. Rb1 Nf4 32. Bf1 Ra3+ 33. Kd2 Ne6 34. Bd3 f5 35. Bf1 Nf8 36. Bd3 Nd7 37. g4 Ne5 38. gxf5 gxf5 39. Bxf5 Rxf3 40.
Bc8 Kc7 41. Be6 Nc4+ 42. Ke2 Re3+ 0-1

[Event "*** SCC Grand Prix: Titled Tuesday Blitz"]
[Site "Chess.com"]
[Date "2020.09.08"]
[Round "10"]
[White "WinstonSilvakov"]
[Black "VladaSviridova"]
[Result "0-1"]
[WhiteElo "2135"]
[BlackElo "2277"]
[TimeControl "180+1"]
[EndTime "11:56:10 PDT"]
[Termination "VladaSviridova won by resignation"]

1. d4 d5 2. e3 Nf6 3. Bd3 e6 4. Nd2 c5 5. c3 Nc6 6. f4 cxd4 7.
exd4 Bd6 8. g3 b6 9. Ngf3 Bb7 10. Qe2 Qc7 11. Ne5 O-O-O 12. a4 h5 13. b4 h4 14. O-O hxg3 15. hxg3 Rh3 16. Rf3 Rdh8 17.
Nf1 Rh1+ 18. Kg2 Bxe5 19. fxe5 Ng4 20. Bd2 Rxf1 21. Qxf1 Rh2+ 22. Kg1 Rxd2 23. Rxf7 Ne7 24. Bb5 Kb8 25. Rxg7 Qxc3 26. Rxg4 Qe3+ 27. Kh1 Nf5 28. Rg8+ Bc8 29. Qf4 Nxg3+ 30. Qxg3 Qe4+ 31. Kg1 Qxd4+ 32. Kh1 Qxa1+ 33. Qg1 Rd1 34. Rxc8+ Kxc8 35. Ba6+ Kc7 0-1

[Event "*** SCC Grand Prix: Titled Tuesday Blitz"]
[Site "Chess.com"]
[Date "2020.09.08"]
[Round "10"]
[White "NMZanette"]
[Black "RobPeresian"]
[Result "1/2-1/2"]
[WhiteElo "2208"]
[BlackElo "2359"]
[TimeControl "180+1"]
[EndTime "11:56:11 PDT"]
[Termination "Game drawn by repetition"]

1. e4 e5 2. Nf3 Nc6 3. Bb5 a6 4. Ba4 Nf6 5. d3 b5 6. Bb3 Bd6 7. a4 Rb8 8. axb5 axb5 9. O-O O-O 10. Bg5 h6 11. Bh4 Re8 12. Nc3 Be7 13. Bg3 d6 14. h3 Bf8 15. Re1 Be6 16. Nd5 Bxd5 17. exd5 Ne7 18. c4 bxc4 19. dxc4 Nf5 20. Bh2 g6 21. Ba4 Nd7 22. b3 Bg7 23. Ra2 h5 24. Bc6 Re7 25.
Rae2 Nc5 26. Ba4 e4 27. Ng5 Nd3 28. Rf1 Nb2 29. Qc2 Nxa4 30. bxa4 e3 31. fxe3 Nxe3 32. Rxe3 Rxe3 33. Nxf7 Qe8 34. Qxg6 Re1 35. Nh6+ Kh8 36. Nf7+ Kg8 37. Nh6+ Kh8 38. Nf7+ Kg8 1/2-1/2

[Event "*** SCC Grand Prix: Titled Tuesday Blitz"]
[Site "Chess.com"]
[Date "2020.09.08"]
[Round "10"]
[White "CalinGheorghiu"]
[Black "chessbia"]
[Result "1-0"]
[WhiteElo "2329"]
[BlackElo "2173"]
[TimeControl "180+1"]
[EndTime "11:56:11 PDT"]
[Termination "CalinGheorghiu won by resignation"]

1. e4 e5 2. Nf3 Nc6 3. Bb5 a6 4.
Ba4 Nf6 5. d3 b5 6. Bb3 Be7 7.
O-O O-O 8. c3 d6 9. Re1 Bg4 10.
h3 Bh5 11. Nbd2 Na5 12. Bc2 c5 13. Nf1 Nc6 14. Ng3 Bg6 15. a4 Qc7 16. Nf5 Bxf5 17. exf5 Rfe8 18. Bg5 h6 19. Bh4 Nd5 20. Bxe7 Qxe7 21.
d4 cxd4 22. cxd4 Nf4 23. axb5 axb5 24. Rxa8 Rxa8 25. dxe5 Nxe5 26. Nxe5 dxe5 27. Qf3 Ra7 28. Qe3 Qg5 29. Be4 Rd7 30. Qc5 Rd2 31. Re3 Nh5 32. Qxe5 f6 33. Qe8+ Kh7 34. Qg6+ Qxg6 35. fxg6+ Kg8 36.
Bd5+ Kf8 37. Bf7 Rd8 38. g3 f5 39. Re5 Nf6 40. Rxb5 Ke7 41. Rxf5 Rd1+ 42. Kg2 Rd2 43. b4 Rb2 44. b5 Kd6 45. Rxf6+ 1-0

[Event "*** SCC Grand Prix: Titled Tuesday Blitz"]
[Site "Chess.com"]
[Date "2020.09.08"]
[Round "10"]
[White "JoliyRoger"]
[Black "Leonid_Starozhilov"]
[Result "0-1"]
[WhiteElo "2436"]
[BlackElo "2696"]
[TimeControl "180+1"]
[EndTime "11:56:12 PDT"]
[Termination "Leonid_Starozhilov won on time"]

1. Nf3 Nf6 2. c4 g6 3. Nc3 Bg7 4. e4 d6 5. d4 Bg4 6. Be2 O-O 7. Ng1 Bd7 8. Be3 a6 9. Qc2 Nc6 10. d5 Nb4 11. Qd2 a5 12. h3 e5 13. Nf3 Nh5 14. Nh2 Nf4 15. Bf1 f5 16. g3 fxe4 17.
Nxe4 Bf5 18. f3 Nh5 19. Bf2 Bxe4 20. fxe4 Qf6 21. Bg2 Qxf2+ 22. Qxf2 Nd3+ 23. Ke2 Rxf2+ 24. Kxd3 Rxg2 25. Ng4 Rxg3+ 26. Ke2 Rf8 27. Raf1 Nf4+ 28. Kd1 h5 0-1

[Event "*** SCC Grand Prix: Titled Tuesday Blitz"]
[Site "Chess.com"]
[Date "2020.09.08"]
[Round "10"]
[White "GameOverBro"]
[Black "Kaslask"]
[Result "1-0"]
[WhiteElo "2466"]
[BlackElo "2311"]
[TimeControl "180+1"]
[EndTime "11:56:12 PDT"]
[Termination "GameOverBro won by resignation"]

1. e4 c5 2. Ne2 Nc6 3. Nbc3 g6 4. d4 cxd4 5. Nxd4 Bg7 6. Nde2 e6 7. g3 Nge7 8. Bg2 O-O 9. O-O Re8 10. Be3 Ne5 11.
b3 N5c6 12. Qd2 d5 13. Rad1 dxe4 14. Nxe4 Qxd2 15. Rxd2 Nf5 16. Bg5 Rf8 17. Nf6+ Kh8 18.
Nd7 Re8 19. c4 h6 20. Bf6 Bxf6 21. Nxf6 Rf8 22. f4 Kg7 23. Ne4 Rd8 24. Rfd1 Rf8 25. Kf2 Rb8 26. g4 Nfe7 27. g5 h5 28. Nf6 b6 29.
Nc3 Rh8 30. Rd6 Bb7 31. Rd7 Rhd8 32. Nb5 Na5 33. Rxd8 Rxd8 34. Rxd8 Bxg2 35. Kxg2 Nac6 36. Re8 a6 37. Nd6 h4 38. Nc8 h3+ 39. Kxh3 e5 40.
Nxe7 Nxe7 41. Rxe7 exf4 42. Re8 1-0

[Event "*** SCC Grand Prix: Titled Tuesday Blitz"]
[Site "Chess.com"]
[Date "2020.09.08"]
[Round "10"]
[White "chessfrendz"]
[Black "davigator"]
[Result "1-0"]
[WhiteElo "2276"]
[BlackElo "2339"]
[TimeControl "180+1"]
[EndTime "11:56:12 PDT"]
[Termination "chessfrendz won by resignation"]

1. d4 Nf6 2. c4 e6 3. Nc3 Bb4 4. e3 O-O 5. Bd3 b6 6. Ne2 Re8 7. O-O Bb7 8. a3 Bf8 9. e4 d6 10. f4 e5 11. fxe5 dxe5 12. d5 h6 13. Ng3 Bc8 14. Nf5 Bxf5 15. Rxf5 a5 16. Be3 Nbd7 17.
Qe2 Bc5 18. Raf1 Bxe3+ 19. Qxe3 Qe7 20. Kh1 Qc5 21. Qg3 Kf8 22. Nb5 a4 23. Qh4 Rec8 24. g4 c6 25. dxc6 Rxc6 26. g5 hxg5 27. Qh8+ Ke7 28. Qxa8 Rc8 29. Qb7 g4 30. Rxe5+ Qxe5 31.
Qxc8 g3 32. Qc7 g2+ 33. Kxg2 Qxb2+ 34. Rf2 Qb3 35. Qd6+ Ke8 36. e5 Ng4 37. Nc7+ Kd8 38. Ne6+ Ke8 39. Nxg7+ Kd8 40. Ne6+ Ke8 41. Nc7+ Kd8 42.
Rxf7 Qb2+ 43. Kg3 Qxe5+ 44. Qxe5 Ngxe5 45. Ne6+ Ke8 46. Rf3 Nxf3 47. Kxf3 Ke7 48. Nc7 Nc5 49. Nd5+ Kd6 50. Ke3 b5 51. Nb4 bxc4 52. Bxc4 Ke5 53.
Nd3+ 1-0

[Event "*** SCC Grand Prix: Titled Tuesday Blitz"]
[Site "Chess.com"]
[Date "2020.09.08"]
[Round "10"]
[White "The_Machine04"]
[Black "maxip32"]
[Result "0-1"]
[WhiteElo "2264"]
[BlackElo "2375"]
[TimeControl "180+1"]
[EndTime "11:56:13 PDT"]
[Termination "maxip32 won on time"]

1. d4 Nf6 2. Bg5 c5 3. e3 Qb6 4. Nc3 cxd4 5. exd4 Nc6 6. Nf3 e6 7. Be2 Be7 8. O-O O-O 9. a3 d5 10. Bd3 h6 11. Be3 Ng4 12. Bf4 a6 13. h3 Nf6 14.
Ne2 Qd8 15. Ne5 Nxe5 16. Bxe5 Bd6 17. f4 Ne4 18. Bxe4 dxe4 19. Nc3 f5 20. Qe1 Bxe5 21. dxe5 Qb6+ 22. Qf2 e3 23. Qe2 Bd7 24. Rfe1 Qxb2 25. Qd3 Rac8 26. Qxd7 Qxc3 27. Qxe6+ Kh8 0-1

[Event "*** SCC Grand Prix: Titled Tuesday Blitz"]
[Site "Chess.com"]
[Date "2020.09.08"]
[Round "10"]
[White "sokidze"]
[Black "Ave_Mariia"]
[Result "0-1"]
[WhiteElo "2604"]
[BlackElo "2489"]
[TimeControl "180+1"]
[EndTime "11:56:14 PDT"]
[Termination "Ave_Mariia won by resignation"]

1. d4 Nf6 2. g3 e6 3. Bg2 c5 4. Nf3 cxd4 5. O-O Be7 6. Nxd4 O-O 7.
c4 Nc6 8. Nc3 Qb6 9. Ndb5 d5 10.
Be3 Qa5 11. cxd5 Nxd5 12. Nxd5 exd5 13. Nd4 Bg4 14. h3 Be6 15. Nxe6 fxe6 16. Qb3 Qa6 17. Rfe1 Bf6 18. Rac1 Rfc8 19. h4 Kh8 20. Bh3 Ne5 21. Bd4 Rxc1 22. Rxc1 Qxe2 23. Bxe5 Bxe5 24. Rc2 Qe1+ 25.
Kg2 Qe4+ 26. Kg1 Rf8 27. Qe3 Qxc2 28. Qxe5 Qxf2+ 29. Kh1 h6 30. Bg2 Qf6 31. Qe2 Rc8 32.
Kh2 Qg6 33. Qb5 Rc2 34. Qf1 Qe4 35. Qf8+ Kh7 36. Qf1 Rxb2 37. Kh1 Qxg2+ 38. Qxg2 Rxg2 39. Kxg2 Kg6 40. Kf3 Kf5 0-1

[Event "*** SCC Grand Prix: Titled Tuesday Blitz"]
[Site "Chess.com"]
[Date "2020.09.08"]
[Round "10"]
[White "jamalm2"]
[Black "Cambek64"]
[Result "0-1"]
[WhiteElo "1903"]
[BlackElo "2245"]
[TimeControl "180+1"]
[EndTime "11:56:14 PDT"]
[Termination "Cambek64 won by checkmate"]

1. Nf3 f5 2. c4 Nf6 3. b3 g6 4.
Bb2 Bg7 5. e3 O-O 6. d4 d6 7. Be2 Qe8 8. O-O c6 9. d5 c5 10. Ng5 Na6 11. Nc3 Nc7 12. Nb5 Nxb5 13. cxb5 h6 14. Ne6 Bxe6 15. dxe6 Qc8 16. Bc4 d5 17. Bxd5 Rd8 18. Bxf6 Bxf6 19. Qf3 Rb8 20.
Rad1 Qc7 21. Bc4 Kg7 22. h4 Bxh4 23. e4 Qe5 24. Rxd8 Rxd8 25. exf5 Qxf5 26. Qxb7 Rd2 27. g3 Bf6 28. Kg2 Qg5 29. Qf3 h5 30. Rd1 Rxa2 31.
Rd7 h4 32. Rd5 Qc1 33. Rd8 Ra1 34. Kh3 hxg3 35. fxg3 Ra2 36. Qa8 Qh6+ 37. Kg4 Qh5+ 38. Kf4 Qf5+ 39. Ke3 Bg5# 0-1

[Event "*** SCC Grand Prix: Titled Tuesday Blitz"]
[Site "Chess.com"]
[Date "2020.09.08"]
[Round "10"]
[White "awesomevishesh"]
[Black "BanjoKazooieN64"]
[Result "0-1"]
[WhiteElo "2415"]
[BlackElo "2599"]
[TimeControl "180+1"]
[EndTime "11:56:15 PDT"]
[Termination "BanjoKazooieN64 won on time"]

1. e4 e5 2. Nf3 Nc6 3. Bb5 f5 4. d3 fxe4 5. dxe4 Nf6 6. O-O Bc5 7. Nc3 d6 8. h3 O-O 9. Bc4+ Kh8 10. a3 Qe8 11. Nb5 Nxe4 12. Nxc7 Qh5 13. Be3 Bxh3 14. Ng5 Bg4 15. Qe1 Nxg5 16. f4 exf4 17. Bxc5 dxc5 18. Nxa8 f3 19. Nc7 Nd4 20. Qg3 Rc8 21. Rae1 h6 22. Re7 fxg2 23. Rf2 Nh3+ 24. Kxg2 Nxf2 25. Kxf2 Nf5 0-1

[Event "*** SCC Grand Prix: Titled Tuesday Blitz"]
[Site "Chess.com"]
[Date "2020.09.08"]
[Round "10"]
[White "Evgeny81"]
[Black "Orest_Vovk"]
[Result "1-0"]
[WhiteElo "2663"]
[BlackElo "2493"]
[TimeControl "180+1"]
[EndTime "11:56:18 PDT"]
[Termination "Evgeny81 won on time"]

1. e4 g5 2. d4 g4 3. Qxg4 d5 4. Qe2 dxe4 5. Qxe4 Nf6 6. Qd3 Nc6 7. Nf3 Bg4 8. c3 Qd5 9. Be2 O-O-O 10. h3 Bf5 11.
Qb5 Rg8 12. Qxd5 Nxd5 13. g3 e5 14. dxe5 Bc5 15. Nbd2 Rde8 16. g4 Bc2 17. Nc4 Be4 18.
O-O f6 19. Ncd2 Bc2 20. Bc4 Nf4 21. Bxg8 Rxg8 22. exf6 Nxh3+ 23. Kh2 Rxg4 24. Kxh3 Bf5 25. Kh2 Bd6+ 26. Kh1 Rg6 27. Nh2 Rh6 28. Nf3 Rh5 29.
Re1 Bg4 30. Kg1 Bh3 31. f7 1-0

[Event "*** SCC Grand Prix: Titled Tuesday Blitz"]
[Site "Chess.com"]
[Date "2020.09.08"]
[Round "10"]
[White "SergeyKarjakin"]
[Black "Sanan_Sjugirov"]
[Result "1-0"]
[WhiteElo "2968"]
[BlackElo "2839"]
[TimeControl "180+1"]
[EndTime "11:56:19 PDT"]
[Termination "SergeyKarjakin won by resignation"]

1. b3 d5 2. Bb2 Bg4 3. h3 Bh5 4. g3 e6 5. Bg2 Nf6 6. Nf3 c5 7. c4 Nc6 8. cxd5 Nxd5 9. O-O Rc8 10. Na3 Nf6 11. Nc4 Be7 12. Nfe5 Nxe5 13. Nxe5 Rc7 14. d4 cxd4 15. g4 Bg6 16. Bxd4 Bc5 17.
Bc6+ bxc6 18. Bxc5 Qd5 19. Bd6 Rc8 20. Rc1 Ne4 21. Qxd5 exd5 22. Ba3 f6 23. Nxc6 Kd7 24.
Nxa7 Ra8 25. Nb5 Rhb8 26. Rc7+ Ke8 27. Rxg7 Rxa3 28. Rg8+ Kd7 29. Rxb8 Rxa2 30. Rc1 Rxe2 31. Rb7+ Ke6 32. Nd4+ 1-0